 Dungeon Crawl Stone Soup version 0.27-a0-660-g90476cec82 (webtiles) character file.

Game seed: 15618416386144606671

2747 shoop the Cleaver (level 9, -4/66 (73) HPs)
             Began as a Palentonga Abyssal Knight on Mar 16, 2021.
             Was a Priest of Lugonu.
             Slain by a gnoll
             ... wielding a +0 spear
              (7 damage)
             ... on level 9 of the Dungeon.
             The game lasted 00:24:33 (9361 turns).

shoop the Cleaver (Palentonga Abyssal Knight)       Turns: 9361, Time: 00:24:36

HP:   -4/66 (73)    AC: 14    Str: 19    XL:     9   Next: 41%
MP:   8/15          EV:  8    Int: 12    God:    Lugonu [***...]
Gold: 292           SH:  0    Dex: 10    Spells: 6/8 levels left

rFire    . . .     SeeInvis +   y - +2 hand axe (elec)
rCold    . . .     Faith    .   (no shield)
rNeg     . . .     Spirit   .   u - +2 ring mail {rPois}
rPois    +         Reflect  .   (no helmet)
rElec    .         Harm     .   (no cloak)
rCorr    .         Rampage  .   (no gloves)
Will     +....                  (no barding)
Stlth    ..........             (no amulet)
HPRegen  0.21/turn              k - ring of willpower
MPRegen  0.14/turn              t - +4 ring of slaying

@: drained, curled up
A: large, rugged brown scales 3, see invisible, deformed body, roll 1, armoured
tail, reflexive curl
a: Rolling Charge, Renounce Religion, Depart the Abyss, Bend Space, Banish


You were on level 9 of the Dungeon.
You worshipped Lugonu.
Lugonu was most pleased with you.
You visited 1 branch of the dungeon, and saw 8 of its levels.
You visited the Abyss 1 time.
You also visited: Ossuary.

You collected 292 gold pieces.

Inventory:

Hand Weapons
 a - a +1 hand axe
 r - a +0 broad axe
 x - the +9 dagger of the Destroying Coward {flame, rElec rN++ Str-4 Int+4}
   (You took it off an orc on level 7 of the Dungeon)

   It has been specially enchanted to burn those struck by it, causing extra
   injury to most foes and up to half again as much damage against particularly
   susceptible opponents.
   It affects your strength (-4).
   It affects your intelligence (+4).
   It insulates you from electricity.
   It greatly protects you from negative energy.
 y - a +2 hand axe of electrocution (weapon)
Missiles
 c - 9 atropa-tipped darts
 i - 7 boomerangs
 w - 8 poisoned darts (quivered)
Armour
 b - a +0 leather armour
 l - a +2 chain mail of cold resistance
 u - a +2 ring mail of poison resistance (worn)
Jewellery
 k - a ring of willpower (right hand)
 t - a +4 ring of slaying (left hand)
Wands
 n - a wand of iceblast (13)
 p - a wand of charming (3)
Scrolls
 g - a scroll of immolation
 j - a scroll of enchant armour
 m - 5 scrolls of teleportation
 o - 3 scrolls of amnesia
 q - 3 scrolls of magic mapping
 s - a scroll of enchant weapon
Potions
 d - 4 potions of curing
 e - 2 potions of resistance
 f - 2 potions of attraction
 h - 3 potions of might
 v - a potion of heal wounds
 A - a potion of berserk rage {unknown}
 B - a potion of invisibility


   Skills:
 - Level 3.0 Fighting
 * Level 9.8 Axes
 - Level 1.0 Throwing
 - Level 2.0 Armour
 - Level 1.0 Dodging
 + Level 8.5 Invocations
 - Level 3.0 Evocations


You had 6 spell levels left.
You knew the following spells:

 Your Spells              Type           Power      Damage    Failure   Level
p - Passwall              Tmut/Erth      0%         N/A       65%         2

Your spell library contained the following spells:

 Spells                   Type           Power      Damage    Failure   Level
 Magic Dart               Conj           0%         1d3       50%         1
 Sandblast                Erth           0%         2d4       50%         1
 Sting                    Tmut/Pois      0%         1d3       50%         1
 Searing Ray              Conj           0%         3d3       65%         2
 Dazzling Flash           Conj/Hex       0%         N/A       86%         3
 Stone Arrow              Conj/Erth      0%         3d7       86%         3
 Fulminant Prism          Conj/Hex       0%         3d6       99%         4
 Iskenderun's Mystic Bla  Conj/Tloc      0%         2d3       99%         4
 Petrify                  Tmut/Erth      0%         N/A       99%         4
 Lee's Rapid Deconstruct  Erth           0%         3d5*      100%        5


Dungeon Overview and Level Annotations

Branches:
Dungeon (7/15)             Temple (0/1) D:5         Ossuary (visited)

Altars:
Ashenzari
Dithmenos
Hepliaklqana
Makhleb
Sif Muna
Trog
Vehumet

Annotations:
D:7 2 transporters, chippings's ghost, novice HuMo
D:9 corrupted
Abyss:1 Sigmund


Innate Abilities, Weirdness & Mutations

You are completely covered in rugged brown scales. (AC +3, +7% HP)
You have supernaturally acute eyesight. (SInv)
Armour fits poorly on your strangely shaped body.
You can roll at nearby foes to attack.
You have a long armoured tail.
You curl defensively after being hit.


Message History

The ufetubus hits the gnoll sergeant.
Unknown command.
What are your orders? t - Shout!
Orders for allies: a - Attack new target. r - Retreat! s - Stop attacking. g - Guard the area. f - Follow me.
Anything else - Cancel.
You shout for attention!
The thrashing horror misses something.
The thrashing horror tramples something.
Something holds its ground!
The thrashing horror barely misses you. The thrashing horror tramples you.
You stumble backwards!
The gnoll hits the starcursed mass but does no damage.
The smoke demon gestures at the wight.
The sticky flame hits the wight.
The wight is covered in liquid flames!
The eidolon stares piercingly at the gnoll.
The bolt of negative energy hits the gnoll!!!
The gnoll is drained!
The gnoll dies!
The bolt of negative energy hits the ufetubus.
The ufetubus completely resists.
The bolt of negative energy hits you!!!
You feel drained.
Ouch! That really hurt!
* * * LOW HITPOINT WARNING * * *
A starcursed mass splits.
The wight hits the starcursed mass with a +4 dagger of freezing.
The wight freezes the starcursed mass.
The starcursed mass shudders and is absorbed by its neighbour.
The large abomination hits the wight.
The gnoll hits you with a +0 spear.
* * * LOW HITPOINT WARNING * * *
The gnoll sergeant barely misses you. The wight barely misses you.
The gnoll barely misses you.
The thrashing horror tramples the gnoll!
The gnoll holds its ground!
The thrashing horror barely misses the gnoll.
The thrashing horror tramples something!
Something holds its ground!
The gnoll hits you from afar with a +0 spear!
You die...

# #....#.##
.#....>#.. ##
......#.##. #
#.5......##.#
.l#.#.z.#..#
##g##zg...#


#X3XX.gg# #.#z#@h### ##))35# #.....# #.X.#.# #.W.### .#..# #..s3# ....x# You
could see a wyvern, a gnoll sergeant, 2 wights, 3 gnolls, a neutral starcursed
mass (summoned), a neutral eidolon (summoned), a neutral demonic crawler
(summoned), a neutral sun demon (summoned), a neutral thrashing horror
(summoned), 2 neutral large abominations, a neutral smoke demon (summoned), a
neutral raiju (summoned), a neutral neqoxec (summoned), a neutral small
abomination (summoned) and 2 neutral ufetubi.

Vanquished Creatures
  Grinder (D:5)
  2 wraiths (Ossuary)
  Eustachio (D:5)
  Menkaure (D:5)
  Duvessa (D:4)
  An ice beast (D:5)
  3 ogres
  2 centaurs (D:5)
  An elf skeleton (D:7)
  A gnoll sergeant (D:4)
  3 bullfrogs
  Dowan (D:5)
  3 wights (Ossuary)
  A howler monkey (D:4)
  A centaur zombie (D:5)
  3 hounds
  A centaur skeleton (D:4)
  A bullfrog skeleton (D:6)
  An iguana (D:4)
  Ijyb (D:3)
  A human skeleton (D:7)
  6 orc wizards
  A worker ant (D:5)
  A hound skeleton (D:4)
  9 gnolls
  2 howler monkey skeletons
  6 adders
  A shadow imp (D:7)
  2 oozes (D:1)
  An adder zombie (Ossuary)
  An adder skeleton (D:4)
  A worm (D:2)
  2 dart slugs
  A leopard gecko (D:3)
  24 orcs
  5 giant cockroaches
  5 goblins
  4 hobgoblins
  8 jackals
  2 quokkas (D:4)
  A ball python (D:1)
  2 ball python skeletons (Ossuary)
  7 bats
  4 frilled lizards
  A hobgoblin zombie (Ossuary)
  A jackal skeleton (D:4)
  4 kobolds
  A kobold zombie (Ossuary)
  4 orc skeletons
  2 orc zombies (D:7)
  2 quokka skeletons (D:4)
  17 rats
  A spectral goblin (D:4)
160 creatures vanquished.

Vanquished Creatures (others)
  A wight (D:9)
  A gnoll (D:9)
  An orc (D:4)
3 creatures vanquished.

Grand Total: 163 creatures vanquished

Notes
Turn   | Place    | Note
-------+----------+-------------------------------------------
     0 | Abyss:1  | shoop the Palentonga Abyssal Knight began the quest for the
                  | Orb.
     0 | Abyss:1  | Reached XP level 1. HP: 20/20 MP: 2/2
    15 | D:1      | Escaped the Abyss
   326 | D:1      | Reached XP level 2. HP: 22/27 MP: 3/3
   903 | D:1      | Reached ** piety under Lugonu
  1068 | D:1      | Reached XP level 3. HP: 26/33 MP: 5/5
  1392 | D:2      | Reached skill level 3 in Axes
  1732 | D:2      | Found a burning altar of Makhleb.
  1914 | D:2      | Reached skill level 1 in Throwing
  1914 | D:2      | Reached XP level 4. HP: 19/40 MP: 6/6
  2626 | D:3      | Found a broken altar of Ashenzari.
  2644 | D:3      | Noticed Ijyb
  2689 | D:3      | Killed Ijyb
  2690 | D:3      | Reached skill level 1 in Dodging
  2994 | D:4      | Reached skill level 1 in Evocations
  2994 | D:4      | Reached XP level 5. HP: 47/48 MP: 7/7
  3670 | D:4      | Reached *** piety under Lugonu
  3792 | D:4      | Reached skill level 4 in Axes
  3792 | D:4      | Reached XP level 6. HP: 52/54 MP: 9/9
  4302 | D:5      | Entered Level 5 of the Dungeon
  4302 | D:5      | Noticed Sigmund
  4302 | D:5      | Noticed Eustachio
  4319 | D:4      | Banished Sigmund
  4320 | D:4      | Reached skill level 5 in Invocations
  4588 | D:5      | Found a staircase to the Ecumenical Temple.
  5099 | D:5      | Gained mutation: You curl defensively after being hit.
                  | [Palentonga growth]
  5099 | D:5      | Reached XP level 7. HP: 60/60 MP: 10/10
  5397 | D:4      | Found a radiant altar of Vehumet.
  5419 | D:4      | Found a hazy altar of Hepliaklqana.
  6503 | D:5      | Reached skill level 5 in Axes
  6584 | D:5      | Noticed Dowan
  6670 | D:5      | Killed Dowan
  6682 | D:5      | Killed Eustachio
  6683 | D:5      | Reached skill level 6 in Axes
  6875 | D:5      | Found a shimmering blue altar of Sif Muna.
  6878 | D:5      | Noticed Duvessa
  6892 | D:5      | Noticed Grinder
  7013 | D:4      | Killed Duvessa
  7014 | D:4      | Reached XP level 8. HP: 49/67 MP: 12/12
  7146 | D:5      | Found a bloodstained altar of Trog.
  7172 | D:5      | Identified Sif Muna's Incunabulum of Dusty Poisoning
  7215 | D:5      | Reached skill level 7 in Axes
  7372 | D:5      | Learned a level 2 spell: Passwall
  7472 | D:5      | Noticed Menkaure
  7484 | D:5      | Killed Menkaure
  7555 | D:5      | Killed Grinder
  7556 | D:5      | Reached skill level 8 in Axes
  7985 | D:6      | Reached XP level 9. HP: 52/73 MP: 14/14
  8332 | D:7      | Identified the +9 dagger of the Destroying Coward {flame,
                  | rElec rN++ Str-4 Int+4}
  8375 | D:7      | Noticed a queen bee
  8388 | D:7      | Reached skill level 9 in Axes
  8421 | D:7      | Noticed chippings's ghost (novice HuMo)
  8426 | D:7      | Found a transporter.
  8430 | D:7      | Found a transporter.
  8440 | D:7      | Found a shadowy altar of Dithmenos.
  8528 | D:7      | Found a sand-covered staircase.
  8541 | Ossuary  | Entered an ossuary
  8607 | Ossuary  | Reached **** piety under Lugonu
  9357 | D:7      | You fall into a shaft and drop 2 floors!
  9358 | D:9      | Corrupted D:9
  9358 | D:9      | Noticed a starcursed mass
  9358 | D:9      | Noticed an eidolon
  9358 | D:9      | Noticed a thrashing horror
  9358 | D:9      | Noticed a smoke demon
  9358 | D:9      | Noticed a large abomination
  9359 | D:9      | Noticed a demonic crawler
  9359 | D:9      | Noticed a sun demon
  9360 | D:9      | HP: 3/66 [gnoll/+0 spear (2)]
  9361 | D:9      | Slain by a gnoll

Illustrated notes

Levels and vault maps discovered:
D:1:      dpeg_arrival_connections, layout_loops_ring, serial_bayou_pond_a,
          chequers_serial_rivers_small_3, minmay_rat_gold_closets
D:2:      layout_basic, lightli_temple_of_fire
D:3:      layout_rooms, evilmike_ruin_ashenzari, uniq_ijyb
D:4:      layout_basic, overflow_temple_1_default,
          nicolae_hepliaklqana_monster_ancestors, grunt_decor_one_mirror
D:5:      layout_cave_pools, nzn_overflow_gifts_of_might_and_magic,
          minmay_temple_entry_statues_pillars, uniq_grinder, uniq_menkaure,
          uniq_sigmund, uniq_eustachio
D:6:      layout_rooms
D:7:      layout_loops_ring, fedhas_altar_1, kennysheep_little_box,
          nicolae_ossuary_entry_catacombs, gammafunk_ghost_hive,
          minmay_misc_feat_four_crosses, grunt_dithmenos_smoke,
          uniq_crazy_yiuf_cottage, uniq_joseph
D:9:      layout_layer_cave, nemelex_xobeh_ov_fountains_minmay,
          minmay_lair_entry_grove, serial_shops, kennysheep_mini_moat

Skill      XL: |  1  2  3  4  5  6  7  8  9 |
---------------+----------------------------+-----
Invocations    | 3 4 5 6 7 8 |  8.5
Axes           | 3 4 6 8 9 |  9.8
Throwing       | 1 |  1.0
Dodging        | 1 |  1.0
Evocations     | 1 2 3 |  3.0
Armour         | 2 |  2.0
Fighting       | |  3.0

Action                   |  1- 3 |  4- 6 |  7- 9 || total
-------------------------+-------+-------+-------++-------
Melee: Hand axe          |   113 |   219 |    56 ||   388
       Tailslap          |     8 |    21 |    27 ||    56
       Broad axe         |       |     1 |   139 ||   140
Throw: Dart              |       |       |    26 ||    26
Invok: Bend Space        |       |     6 |     2 ||     8
       Banish            |       |     1 |       ||     1
       Corrupt           |       |       |     1 ||     1
 Abil: Rolling Charge    |     5 |     6 |    25 ||    36
Evoke: Wand              |       |     2 |       ||     2
  Use: Scroll            |       |     5 |     8 ||    13
       Potion            |       |     1 |       ||     1
 Stab: Invisible         |       |       |     1 ||     1
Armor: Leather armour    |    37 |     1 |       ||    38
       Chain mail        |       |   128 |     7 ||   135
       Ring mail         |       |       |    51 ||    51
Dodge: Dodged            |    56 |    43 |    63 ||   162

Table legend: (Time is in decaauts)
 A = Elapsed time spent in this place.
 B = Non-inter-level travel time spent in this place.
 C = Inter-level travel time spent in this place.
 D = Time resting spent in this place.
 E = Time spent auto-exploring this place.
 F = Levels seen in this place.
 G = Mean time per level.
                   A        B        C        D        E       F      G
               +--------+--------+--------+--------+--------+-----+--------+
         Total |   9464 |   8771 |    693 |   1996 |   5084 |  10 |  946.4 |
       Dungeon |   8945 |   8252 |    693 |   1870 |   4884 |   8 | 1118.1 |
         Abyss |     15 |     15 |      0 |      0 |      7 |   1 |   15.0 |
       Ossuary |    504 |    504 |      0 |    126 |    193 |   1 |  504.0 |
               +--------+--------+--------+--------+--------+-----+--------+

Top non-repeatable levels by time:
     D:4: 3062 daAuts
     D:3: 1494 daAuts
     D:1: 1358 daAuts
     D:5: 1059 daAuts
     D:2: 715 daAuts
     D:6: 656 daAuts
     D:7: 595 daAuts
 Ossuary: 504 daAuts
 Abyss:1: 15 daAuts
     D:9: 3 daAuts
